 Dungeon Crawl Stone Soup version 0.29-a0-234-g0dae59b3db (webtiles) character file.

Game seed: 15388415122602723459

137 Hubjo the Sneak (level 5, 0/29 HPs)
             Began as a Vampire Enchanter on Mar 2, 2022.
             Was a Believer of Nemelex Xobeh.
             Slain by a worm (11 damage)
             ... on level 2 of the Dungeon.
             The game lasted 00:05:01 (1562 turns).

Hubjo the Sneak (Vampire Enchanter)                 Turns: 1562, Time: 00:05:02

Health: 0/29       AC:  2    Str:  7    XL:     5   Next: 0%
Magic:  8/8        EV: 13    Int: 18    God:    Nemelex Xobeh [**....]
Gold:   84         SH:  0    Dex: 16    Spells: 2/8 levels left

rFire   . . .      SeeInvis +   a - +1 dagger
rCold   + + .      Faith    .   (no shield)
rNeg    + + +      Spirit   .   b - +0 robe
rPois   ∞          Reflect  .   (no helmet)
rElec   .          Harm     .   (no cloak)
rCorr   .          Rampage  .   (no gloves)
Will    .....                   (no boots)
Stlth   +++++.....              (no amulet)
HPRegen 0.00/turn               (no ring)
MPRegen 0.11/turn               (no ring)

@: bloodless, inhibited regen
A: bloodless, fangs 3, see invisible, vampiric 2, passive freeze, MP-powered
wands
a: Bat Form, Revivify, Renounce Religion, Draw Escape, Draw Destruction, Draw
Summoning


You were on level 2 of the Dungeon.
You worshipped Nemelex Xobeh.
Nemelex Xobeh was pleased with you.
You visited 1 branch of the dungeon, and saw 3 of its levels.

You collected 84 gold pieces.

Inventory:

Hand Weapons
 a - a +1 dagger (weapon)
Armour
 b - a +0 robe (worn)
Jewellery
 c - a +6 ring of dexterity
Scrolls
 d - a scroll of identify
 g - a scroll of amnesia {unknown}
 k - a scroll of silence {unknown}
Potions
 e - a potion of might {unknown}
 f - a potion of haste {unknown}
 h - a potion of curing {unknown}
 j - 2 potions of brilliance
 m - a potion of degeneration {unknown}


   Skills:
 + Level 1.2 Fighting
 + Level 2.0 Short Blades
 + Level 3.0 Dodging
 * Level 5.8 Stealth
 - Level 2.0 Spellcasting
 + Level 5.0 Hexes
 * Level 1.7 Invocations


You had 2 spell levels left.
You knew the following spells:

 Your Spells              Type           Power      Damage    Failure   Level
a - Tukima's Dance        Hex            19%        N/A       7%          3
b - Dazzling Flash        Conj/Hex       20%        N/A       19%         3

Your spell library contained the following spells:

 Spells                   Type           Power      Damage    Failure   Level
 Ensorcelled Hibernation  Hex/Ice        20%        N/A       10%         2
 Confusing Touch          Hex            19%        N/A       7%          3
 Conjure Flame            Conj/Fire      1%         6-21      47%         3
 Ignite Poison            Fire/Tmut/Pois 1%         N/A       47%         3
 Sticky Flame             Conj/Fire      1%         2d3       87%         4


Dungeon Overview and Level Annotations

Branches:
Dungeon (3/15)

Altars:
Nemelex Xobeh

Shops:
D:2 (   D:3 *


Innate Abilities, Weirdness & Mutations

You do not regenerate when monsters are visible.
You are frail without blood (-20% HP).
You can heal yourself when you bite living creatures.
You are immune to poison.
You have razor-sharp teeth.
You have supernaturally acute eyesight. (SInv)
You are afflicted with vampirism and can become a bat while bloodless.
A frigid envelope surrounds you and freezes all who hurt you.
You expend magic power (3 MP) to strengthen your wands.


Message History

A worm is nearby!
You hit the worm but do no damage. The worm bites you!
The worm is very cold.
The worm is lightly wounded.
You hit the worm.
The worm is lightly wounded.
You hit the worm.
The worm is moderately wounded.
The worm bites you.
The worm is very cold.
The worm is moderately wounded.
You barely miss the worm.
The worm is moderately wounded.
You hit the worm.
The worm is heavily wounded.
The worm misses you.
You hit the worm but do no damage.
The worm is moderately wounded.
You barely miss the worm. Your bite misses the worm.
The worm is moderately wounded.
The worm misses you.
You hit the worm.
The worm is heavily wounded.
You hit the worm.
The worm is heavily wounded.
The worm bites you!
You are too injured to fight recklessly!
You are too injured to fight recklessly!
You are too injured to fight recklessly!
You are too injured to fight recklessly!
You are too injured to fight recklessly!
You are too injured to fight recklessly!
You are too injured to fight recklessly!
You are too injured to fight recklessly!
You are too injured to fight recklessly!
You hit the worm but do no damage. Your bite misses the worm.
The worm is heavily wounded.
You hit the worm.
The worm is heavily wounded.
The worm bites you!
You die...
Your body disappears without a glow.

########### #.).......#
#.........# #.........#
####### #.........#
#....)####
#.......[.###.#....).###
#.............#.####...##
...÷.........>#÷@w.###..##
#..........#..#..#...##..#
#.........†#..##.#
...##.##
#####'#'##.#..##.# ...#S.#
#.#.##.#..##.. ..##)#
#...##.#..###. ..#.#
##..##.#..####. .#..
#..##.#..(..# #..#
#..##.#.#.#### ...#


You could see a worm.

Vanquished Creatures
  A dart slug (D:1)
  A bat (D:2)
  5 endoplasms
  3 giant cockroaches
  5 goblins
  5 hobgoblins
  2 quokkas
  2 ball pythons
  3 frilled lizards
  6 kobolds
  2 rats
35 creatures vanquished.

Vanquished Creatures (collateral kills)
  An ogre (D:2)
  A ball python (D:2)
  An endoplasm (D:2)
  3 jackals (D:2)
  2 frilled lizards (D:2)
  A kobold (D:2)
  A rat (D:1)
10 creatures vanquished.

Grand Total: 45 creatures vanquished

Notes
Turn   | Place    | Note
-------+----------+-------------------------------------------
     0 | D:1      | Hubjo the Vampire Enchanter began the quest for the Orb.
     0 | D:1      | Reached XP level 1. HP: 13/13 MP: 3/3
   192 | D:1      | Reached XP level 2. HP: 20/20 MP: 5/5
   203 | D:1      | Found a faded altar of an unknown god.
   239 | D:1      | Prayed at the altar of an unknown god.
   239 | D:1      | Became a worshipper of Nemelex Xobeh the Trickster
   239 | D:1      | Reached * piety under Nemelex Xobeh
   302 | D:1      | Received a gift from Nemelex Xobeh
   356 | D:1      | Reached skill level 5 in Stealth
   781 | D:2      | Gained mutation: You are afflicted with vampirism and can
                  | become a bat while bloodless. [Vampire growth]
   781 | D:2      | Reached XP level 3. HP: 21/25 MP: 6/6
   785 | D:2      | Learned a level 3 spell: Tukima's Dance
   789 | D:2      | Learned a level 3 spell: Dazzling Flash
   861 | D:2      | Found Enaoclong's Weapon Shoppe.
   867 | D:2      | Reached ** piety under Nemelex Xobeh
  1032 | D:2      | Reached skill level 1 in Invocations
  1254 | D:2      | Noticed an ogre
  1282 | D:2      | Gained mutation: You are resistant to electric shocks.
                  | (rElec) [potion of mutation]
  1282 | D:2      | Gained mutation: You expend magic power (3 MP) to
                  | strengthen your wands. [potion of mutation]
  1283 | D:2      | Killed an ogre
  1284 | D:2      | Reached skill level 1 in Fighting
  1284 | D:2      | Reached skill level 5 in Hexes
  1284 | D:2      | Reached XP level 4. HP: 6/25 MP: 7/7
  1284 | D:2      | Lost mutation: You are resistant to electric shocks.
                  | (rElec) [potion of mutation]
  1284 | D:2      | Lost mutation: You expend magic power (3 MP) to strengthen
                  | your wands. [potion of mutation]
  1284 | D:2      | Gained mutation: A frigid envelope surrounds you and
                  | freezes all who hurt you. [potion of mutation]
  1284 | D:2      | Gained mutation: You expend magic power (3 MP) to
                  | strengthen your wands. [potion of mutation]
  1308 | D:3      | Found Ohaec's Assorted Antiques.
  1526 | D:2      | Reached XP level 5. HP: 28/29 MP: 8/8
  1562 | D:2      | Slain by a worm

Illustrated notes

Levels and vault maps discovered:
D:1:      minmay_arrival_four_houses, layout_loops_ring,
          hellmonk_ecumenical_altar_inner_sanctum, ebering_dispersal_statue_hall
D:2:      minmay_evil_eye, layout_basic, serial_shops, nicolae_shop_trees
D:3:      kennysheep_goblin_castle, layout_rooms, lemuel_doored_altar,
          ashenzari_altar_1, elyvilon_altar_4, serial_shops, shop_coins

Skill      XL: |  1  2  3 |
---------------+----------+-----
Stealth        | 5 |  5.8
Invocations    | 1 |  1.7
Fighting       | 1 |  1.2
Short Blades   | 2 |  2.0
Dodging        | 3 |  3.0
Hexes          | 5 |  5.0
Spellcasting   | |  2.0

Action                   |  1- 3 |  4- 6 || total
-------------------------+-------+-------++-------
Melee: Dagger            |    91 |    16 ||   107
       Bite              |     5 |     1 ||     6
       Punch             |     1 |       ||     1
Invok: Draw Summoning    |     4 |       ||     4
       Draw Destruction  |     1 |       ||     1
 Abil: Exsanguinate      |     1 |       ||     1
  Use: Scroll            |     4 |       ||     4
       Potion            |     2 |     1 ||     3
 Stab: Sleeping          |    16 |       ||    16
       Distracted        |       |     1 ||     1
Armor: Robe              |    13 |     3 ||    16
Dodge: Dodged            |    57 |     4 ||    61

Table legend: (Time is in decaauts)
 A = Elapsed time spent in this place.
 B = Non-inter-level travel time spent in this place.
 C = Inter-level travel time spent in this place.
 D = Time resting spent in this place.
 E = Time spent auto-exploring this place.
 F = Levels seen in this place.
 G = Mean time per level.
                   A        B        C        D        E       F      G
               +--------+--------+--------+--------+--------+-----+--------+
         Total |   1554 |   1491 |     63 |    175 |    920 |   3 |  518.0 |
       Dungeon |   1554 |   1491 |     63 |    175 |    920 |   3 |  518.0 |
               +--------+--------+--------+--------+--------+-----+--------+

Top non-repeatable levels by time:
     D:2: 792 daAuts
     D:1: 761 daAuts
     D:3: 1 daAuts
